 Dungeon Crawl Stone Soup version 0.21-a0-584-g185da8e (webtiles) character file.

28781 mortelune the Destroyer (level 13, -4/98 HPs)
             Began as a Demonspawn Fire Elementalist on Dec 21, 2017.
             Was a Priest of Ashenzari.
             Slain by a crocodile (7 damage)
             ... on level 6 of the Lair of Beasts.
             The game lasted 01:45:18 (28776 turns).

mortelune the Destroyer (DsFE)                     Turns: 28776, Time: 01:45:19

Health: -4/98      AC:  7    Str:  9    XL:     13   Next: 11%
Magic:  27/27      EV:  2    Int: 23    God:    Ashenzari [***...]
Gold:   992        SH:  0    Dex: 14    Spells: 10/32 levels left

rFire    . . .     SeeInvis +   I - +2 whip (venom)
rCold    . . .     Gourm    .   (no shield)
rNeg     + + +     Faith    .   g - +0 robe (curse)
rPois    ∞         Spirit   .   Z - +0 helmet
rElec    .         Reflect  .   (no cloak)
rCorr    .         Harm     .   C - +0 pair of gloves (curse)
MR       .....                  (boots unavailable)
Stlth    ++........             (no amulet)
HPRegen  0.26/turn              l - +2 ring of intelligence
MPRegen  0.20/turn              q - ring of wizardry (curse)

@: petrified
A: talons 3, icy blue scales 2, demonic guardian 1, powered by death 1
a: Curse Item, Scrying, Renounce Religion


You were on level 6 of the Lair of Beasts.
You worshipped Ashenzari.
Ashenzari was most pleased with you.
You were not hungry.

You visited 3 branches of the dungeon, and saw 18 of its levels.
You also visited: Ossuary.

You collected 992 gold pieces.

Inventory:

Hand Weapons
 r - a cursed -1 hunting sling
 I - a +2 whip of venom (weapon)
Armour
 g - a cursed +0 robe (worn)
 j - a +0 buckler
 C - a cursed +0 pair of gloves (worn)
 K - a +0 robe of cold resistance
 O - +0 pearl dragon scales
 Z - a +0 helmet (worn)
Jewellery
 i - an uncursed ring of protection from fire
 l - a +2 ring of intelligence (left hand)
 o - an uncursed ring of resist corrosion
 q - a cursed ring of wizardry (right hand)
 B - an uncursed ring of ice
 T - an uncursed ring of protection from cold
Wands
 n - a wand of enslavement (6)
 E - a wand of iceblast (18)
 H - a wand of disintegration (15)
 L - a wand of polymorph (7)
 V - a wand of digging (28)
Scrolls
 e - 4 scrolls of magic mapping
 h - 2 scrolls of fog
 m - 8 scrolls of enchant armour
 v - 4 scrolls of enchant weapon
 x - 6 scrolls of amnesia
 z - 5 scrolls of teleportation
 A - 3 scrolls of immolation
 F - a scroll of fear {unknown}
 M - a scroll of brand weapon {unknown}
 N - 3 scrolls of random uselessness {unknown}
 P - a scroll of blinking
 R - 4 scrolls of remove curse
 S - a scroll of noise {unknown}
 U - a scroll of silence {unknown}
 W - a scroll of identify
Potions
 a - 2 potions of haste
 d - a potion of might
 f - 9 potions of curing
 k - 5 potions of lignification
 p - a potion of ambrosia
 s - 2 potions of invisibility
 t - 6 potions of brilliance
 u - 5 potions of magic
 w - 4 potions of degeneration
 G - 2 potions of berserk rage
 J - 2 potions of heal wounds
 X - a potion of agility
Books
 y - a book of Callings

   Spells                             Type                      Level
   a - Summon Small Mammal            Summoning                    1
   b - Call Imp                       Summoning                    2
   c - Call Canine Familiar           Summoning                    3
   d - Summon Guardian Golem          Hexes/Summoning              3
   e - Summon Lightning Spire         Summoning/Air                4
   f - Summon Ice Beast               Ice/Summoning                4
 D - a book of Maledictions

   Spells                             Type                      Level
   a - Corona                         Hexes                        1
   b - Ensorcelled Hibernation        Hexes/Ice                    2
   c - Confuse                        Hexes                        3
   d - Tukima's Dance                 Hexes                        3
   e - Dazzling Spray                 Conjuration/Hexes            3
 Q - a book of Power

   Spells                             Type                      Level
   a - Iskenderun's Battlesphere      Conjuration/Charms           5
   b - Venom Bolt                     Conjuration/Poison           5
   c - Bolt of Magma                  Conjuration/Fire/Earth       5
   d - Iron Shot                      Conjuration/Earth            6
   e - Orb of Destruction             Conjuration                  7
   f - Spellforged Servitor           Conjuration/Summoning        7
Comestibles
 c - 17 rations


   Skills:
 + Level 8.1 Fighting
 - Level 1.7 Dodging
 - Level 1.7 Stealth
 * Level 10.2 Spellcasting
 + Level 13.2 Conjurations
 + Level 7.0 Summonings
 - Level 7.7 Fire Magic
 - Level 5.0 Air Magic


You had 10 spell levels left.
You knew the following spells:

 Your Spells              Type           Power        Failure   Level  Hunger
a - Flame Tongue          Conj/Fire      #####        1%          1    None
b - Summon Lightning Spi  Summ/Air       #####...     1%          4    #......
c - Conjure Flame         Conj/Fire      ######..     1%          3    None
d - Sticky Flame          Conj/Fire      ######..     1%          4    #......
e - Fireball              Conj/Fire      ######....   1%          5    ####...
f - Call Canine Familiar  Summ           #####...     1%          3    None
h - Throw Flame           Conj/Fire      ######       1%          2    None


Dungeon Overview and Level Annotations

Branches:
Dungeon (11/15)            Temple (1/1) D:4            Lair (6/6) D:9
 Shoals (0/4) Lair:3        Snake (0/4) Lair:2          Orc (0/2) D:11
  Slime: Lair:5-6

Altars:
Ashenzari
Cheibriados
Dithmenos
Elyvilon
Fedhas
Gozag
Hepliaklqana
Kikubaaqudgha
Makhleb
Nemelex Xobeh
Okawaru
Qazlal
Ru
Sif Muna
Trog
Uskayaw
Vehumet
Wu Jian
Xom
Yredelemnul
Zin
The Shining One

Shops:
D:4 *   D:5 %   D:6 (


Innate Abilities, Weirdness & Mutations

You have claws for feet.
You are mostly covered in icy blue scales. (AC +3)
A weak demonic guardian rushes to your aid.
You regenerate a little health from kills.


Message History

Your ufetubus dies!
The basilisk bites you.
* * * LOW HITPOINT WARNING * * *
Your shadow imp barely misses the yak.
The crocodile bites you!!
* * * LOW HITPOINT WARNING * * *
The water moccasin bites you.
* * * LOW HITPOINT WARNING * * *
The yak gores you!
* * * LOW HITPOINT WARNING * * *
The yak gores you!
* * * LOW HITPOINT WARNING * * *
The yak gores you.
* * * LOW HITPOINT WARNING * * *
The basilisk gazes at you. The water moccasin bites you.
Your shadow imp hits the yak but does no damage.
The yak gores you!
* * * LOW HITPOINT WARNING * * *
The crocodile bites you!
You die...

* ...............
:............Y....
, *,
..................
,
........Y.........
..........Y.......
, *
..................
,
........Y÷........
......YYl...... ,*
......5@SY....( ,,
* #.....tYY......
.......Y.......
,,,
#.............. ,
, ##.............
, , *
#.............. ,
* ...............
, ,
*#.(............ ,
* , , , *


You could see 4 elephants, 6 yaks, a basilisk, a water moccasin, a crocodile and
a friendly shadow imp.

Vanquished Creatures
  Snorg (D:11)
  A hydra (Lair:2)
  An ice dragon (D:11)
  5 two-headed ogres
  A queen ant (Lair:3)
  Pikel (D:8)
  2 ugly things (D:11)
  A cyclops (D:11)
  2 elephants (Lair:2)
  Joseph (D:9)
  A kobold demonologist (D:10)
  5 spiny frogs
  2 rime drakes
  3 komodo dragons
  A troll (D:10)
  A hornet (D:11)
  Grinder (D:6)
  3 polar bears
  5 blink frogs
  6 hippogriffs
  3 dream sheep (Lair:5)
  Sigmund (D:6)
  A wraith (Ossuary)
  20 yaks
  2 wyverns
  A basilisk (Lair:1)
  Menkaure (D:5)
  Edmund (D:6)
  4 water moccasins
  4 soldier ants
  3 orc warriors (D:6)
  5 porcupines
  A hornet zombie (D:11)
  2 ice beasts
  2 sky beasts
  3 slaves (D:8)
  A black bear (Lair:1)
  An eye of draining (D:11)
  4 phantoms
  4 ogres
  7 wolves
  4 centaurs
  3 crocodiles
  A big kobold (D:7)
  9 bullfrogs
  A wyvern skeleton (D:10)
  3 scorpions
  3 killer bees (D:7)
  7 wights
  4 electric eels (Lair:3)
  A centaur zombie (D:5)
  2 crimson imps (D:7)
  3 quasits
  2 bullfrog zombies
  2 centaur skeletons
  4 orc priests
  3 hounds
  3 jellies
  8 orc wizards
  A bullfrog skeleton (D:11)
  2 iguanas (D:8)
  14 worker ants
  A hound zombie (D:7)
  A mummy (Ossuary)
  A hound skeleton (D:8)
  3 gnolls (D:6)
  16 adders
  3 shadow imps
  2 oozes
  An adder skeleton (D:4)
  3 worms
  A dart slug (D:2)
  5 leopard geckos
  32 orcs
  6 bats
  A giant cockroach (D:3)
  7 goblins
  3 hobgoblins
  11 jackals
  12 kobolds
  7 quokkas
  9 frilled lizards
  5 gnoll skeletons (Ossuary)
  9 kobold skeletons (Ossuary)
  A leopard gecko skeleton (D:4)
  A leopard gecko zombie (D:9)
  11 orc skeletons (Ossuary)
  A quokka zombie (D:8)
  6 rats
  A plant (Lair:5)
355 creatures vanquished.

Vanquished Creatures (collateral kills)
  An ugly thing (D:11)
  2 elephants
  4 spiny frogs
  A rime drake (Lair:4)
  A komodo dragon (Lair:2)
  A polar bear (D:11)
  5 blink frogs
  2 dream sheep (Lair:5)
  A hippogriff (Lair:4)
  5 yaks
  2 soldier ants
  A water moccasin (Lair:2)
  A porcupine (Lair:3)
  A black bear (Lair:4)
  A wolf (Lair:4)
  An ogre (D:4)
  3 crocodiles
  2 bullfrogs (Lair:2)
  A scorpion (D:4)
  A wight (D:11)
  A hound (D:7)
  2 orc priests
  An orc wizard (D:5)
  An iguana (D:11)
  10 worker ants
  A leopard gecko (D:9)
  2 orcs
  A plant (Lair:5)
56 creatures vanquished.

Vanquished Creatures (others)
  5 fungi
  7 plants
12 creatures vanquished.

Grand Total: 423 creatures vanquished

Notes
Turn   | Place    | Note
-------+----------+-------------------------------------------
     0 | D:1      | mortelune the Demonspawn Fire Elementalist began the quest for the Orb.
     0 | D:1      | Reached XP level 1. HP: 13/13 MP: 3/3
   385 | D:1      | Gained mutation: You regenerate a little health from kills. [demonic ancestry]
   385 | D:1      | Reached XP level 2. HP: 19/19 MP: 1/5
   602 | D:1      | Reached skill level 2 in Conjurations
   966 | D:1      | Learned a level 2 spell: Throw Flame
  1157 | D:1      | Gained mutation: A weak demonic guardian rushes to your aid. [demonic ancestry]
  1157 | D:1      | Reached XP level 3. HP: 21/24 MP: 0/6
  2158 | D:2      | Learned a level 3 spell: Conjure Flame
  2426 | D:2      | Gained mutation: You have sharp toenails. [demonic ancestry]
  2426 | D:2      | Reached XP level 4. HP: 28/30 MP: 3/7
  2474 | D:2      | Found a snail-covered altar of Cheibriados.
  2728 | D:2      | Reached skill level 3 in Conjurations
  3739 | D:3      | Gained mutation: You are partially covered in icy blue scales. (AC +2) [demonic ancestry]
  3739 | D:3      | Reached XP level 5. HP: 35/35 MP: 2/9
  4499 | D:4      | Reached skill level 4 in Conjurations
  4620 | D:4      | Found Jyatt's General Store.
  4620 | D:4      | Noticed an ogre
  4631 | D:4      | Killed an ogre
  4631 | D:4      | Gained mutation: You are mostly covered in icy blue scales. (AC +3) [demonic ancestry]
  4631 | D:4      | Reached XP level 6. HP: 41/41 MP: 0/11
  4973 | D:4      | Found a sand-covered staircase.
  4984 | Ossuary  | Entered an ossuary
  4984 | Ossuary  | Noticed a wraith
  4984 | Ossuary  | Noticed a wraith
  4984 | Ossuary  | Noticed a wraith
  5195 | Ossuary  | Learned a level 4 spell: Sticky Flame
  5496 | Ossuary  | Noticed a wraith
  5525 | Ossuary  | Killed a wraith
  5525 | Ossuary  | Reached skill level 5 in Conjurations
  5525 | Ossuary  | Reached XP level 7. HP: 11/46 MP: 1/12
  6049 | D:4      | Found a staircase to the Ecumenical Temple.
  6069 | Temple   | Entered the Ecumenical Temple
  6568 | D:5      | Entered Level 5 of the Dungeon
  6568 | D:5      | Noticed Menkaure
  6574 | D:5      | Killed Menkaure
  6574 | D:5      | Reached skill level 6 in Conjurations
  7195 | D:5      | Found a sacrificial altar of Ru.
  7239 | D:5      | Found Ejyowy's Food Boutique.
  7480 | D:5      | Reached skill level 5 in Fire Magic
  7480 | D:5      | Reached XP level 8. HP: 52/52 MP: 7/14
  7797 | D:5      | Found a sparkling altar of Nemelex Xobeh.
  7833 | D:5      | Reached skill level 7 in Conjurations
  8677 | D:6      | Reached skill level 5 in Spellcasting
  9333 | D:6      | Found Niro Yss's Antique Weapon Emporium.
  9414 | D:6      | Noticed Sigmund
  9568 | D:6      | Reached skill level 8 in Conjurations
  9807 | D:6      | Found a shattered altar of Ashenzari.
  9823 | D:6      | Noticed Edmund
  9825 | D:6      | Noticed Grinder
  9827 | D:6      | Paralysed by Grinder for 3 turns
 10062 | D:6      | Learned a level 5 spell: Fireball
 10163 | D:6      | Reached XP level 9. HP: 57/57 MP: 7/17
 10249 | D:6      | Found an opulent altar of Gozag.
 10532 | D:6      | Killed Sigmund
 10532 | D:6      | Reached skill level 1 in Fighting
 10536 | D:6      | Killed Edmund
 10792 | D:6      | Paralysed by Grinder for 7 turns
 10801 | D:6      | Killed Grinder
 10801 | D:6      | Reached skill level 9 in Conjurations
 11997 | D:7      | Found a blossoming altar of Fedhas.
 12277 | D:7      | Found a shadowy altar of Dithmenos.
 12455 | D:7      | Found an iron altar of Okawaru.
 12637 | D:7      | Found a radiant altar of Vehumet.
 12661 | D:7      | Gained mutation: You have razor-sharp toenails. [demonic ancestry]
 12661 | D:7      | Reached XP level 10. HP: 70/70 MP: 4/19
 12879 | D:7      | Reached skill level 10 in Conjurations
 13305 | D:6      | Became a worshipper of Ashenzari the Shackled
 13321 | D:6      | Learned a level 3 spell: Call Canine Familiar
 13954 | D:8      | Noticed Pikel
 13958 | D:8      | Killed Pikel
 13958 | D:8      | Reached skill level 1 in Summonings
 14142 | D:8      | Found a white marble altar of Elyvilon.
 14178 | D:8      | Noticed a two-headed ogre
 14186 | D:8      | Killed a two-headed ogre
 14687 | D:9      | Noticed Joseph
 14909 | D:9      | Killed Joseph
 15030 | D:9      | Found a burning altar of Makhleb.
 15158 | D:9      | Found an ancient bone altar of Kikubaaqudgha.
 15407 | D:9      | Learned a level 4 spell: Summon Lightning Spire
 15452 | D:9      | Found a staircase to the Lair.
 15573 | D:9      | Noticed a two-headed ogre
 15578 | D:9      | Killed a two-headed ogre
 15578 | D:9      | Reached skill level 11 in Conjurations
 15712 | D:10     | Entered Level 10 of the Dungeon
 15961 | D:10     | Reached skill level 5 in Fighting
 16125 | D:10     | Reached XP level 11. HP: 79/79 MP: 11/22
 16470 | D:10     | Noticed a two-headed ogre
 16477 | D:10     | Killed a two-headed ogre
 16477 | D:10     | Reached skill level 1 in Air Magic
 16527 | D:10     | Noticed a two-headed ogre
 17144 | D:10     | Killed a two-headed ogre
 17371 | D:10     | Reached * piety under Ashenzari
 17741 | D:11     | Noticed a brown ugly thing
 17748 | D:11     | Killed a brown ugly thing
 17919 | D:11     | Noticed a six-headed hydra
 18201 | D:11     | Noticed Snorg
 18530 | D:11     | Killed Snorg
 18735 | D:11     | Noticed a purple ugly thing
 18764 | D:11     | Killed a purple ugly thing
 18955 | D:11     | Noticed an ice dragon
 18956 | D:11     | Reached skill level 12 in Conjurations
 19128 | D:11     | Killed an ice dragon
 19486 | D:11     | Noticed a green ugly thing
 19489 | D:11     | Noticed a two-headed ogre
 19501 | D:11     | Killed a green ugly thing
 19537 | D:11     | Killed a two-headed ogre
 19537 | D:11     | Reached skill level 5 in Summonings
 20059 | D:11     | Found a staircase to the Orcish Mines.
 20233 | D:9      | You fall through a shaft for 2 floors!
 20273 | Lair:1   | Entered Level 1 of the Lair of Beasts
 20306 | Lair:1   | Gained mutation: You have claws for feet. [demonic ancestry]
 20306 | Lair:1   | Reached XP level 12. HP: 48/89 MP: 2/24
 21617 | Lair:2   | Noticed a seven-headed hydra
 21622 | Lair:2   | Killed a seven-headed hydra
 22505 | Lair:2   | Found a staircase to the Snake Pit.
 22604 | Lair:2   | Reached ** piety under Ashenzari
 23177 | Lair:3   | Found a staircase to the Shoals.
 23478 | Lair:3   | Noticed a queen ant
 23486 | Lair:3   | Killed a queen ant
 24985 | Lair:3   | Reached skill level 13 in Conjurations
 25707 | Lair:4   | Reached skill level 5 in Air Magic
 27051 | Lair:5   | Reached *** piety under Ashenzari
 27176 | Lair:5   | Reached skill level 10 in Spellcasting
 27184 | Lair:5   | Reached XP level 13. HP: 98/98 MP: 3/27
 27958 | Lair:6   | Entered Level 6 of the Lair of Beasts
 28776 | Lair:6   | HP: 3/98 [yak (3)]
 28776 | Lair:6   | Slain by a crocodile

Vault maps used:
D:1:      dpeg_arrival_water_fire
D:2:      kennysheep_slug_shrine, first_ration
D:4:      minmay_door_path, temple_hall, enter_ossuary_1,
          kennysheep_small_square
D:5:      hangedman_ru_absence, nemelex_xobeh_ov_fountains_minmay, serial_shops,
          shop, uniq_menkaure
D:6:      nicolae_gozag_seed_capital, cheibrodos_ashenzari_chains, serial_shops,
          shop, uniq_sigmund, uniq_edmund, uniq_grinder
D:7:      old_standard_altar, nicolae_overflow_crystal_walls,
          lemuel_doored_altar, lemuel_coloured_pillars_altar
D:8:      kennysheep_little_box, uniq_pikel
D:9:      kiku_gazebo_garden_becter, makhleb_grotto_becter, lair_entry_dummy,
          uniq_joseph
D:11:     portal_ice_cave_entry_animals_and_master, uniq_snorg
Temple:   eino_wide_crystal_templ
Lair:2:   dummy_snake_entry, grunt_megastairs_1
Lair:3:   elwin_shoals_entry_rocks, minmay_another_anthill, grunt_megastairs_2,
          serial_bayou_shore_a
Lair:4:   hangedman_lair_unloving_vines, grunt_megastairs_5
Lair:6:   evilmike_catoblepas_cave, dpeg_slime_entry_corner, lemuel_old_faithful
Ossuary:  ossuary_due_mausoleum

Skill      XL: |  1  2  3  4  5  6  7  8  9 10 11 12 13 |
---------------+----------------------------------------+-----
Conjurations   | 2 3 4 5 6 8 9 11 12 13 | 13.2
Fire Magic     | 3 4 5 6 7 |  7.7
Spellcasting   | 3 4 5 6 7 8 10 | 10.2
Fighting       | 3 5 6 7 8 |  8.1
Summonings     | 3 5 6 7 |  7.0
Air Magic      | 3 5 |  5.0
Dodging        | |  1.7
Stealth        | |  1.7

Action                   |  1- 3 |  4- 6 |  7- 9 | 10-12 | 13-15 || total
-------------------------+-------+-------+-------+-------+-------++-------
Melee: Dagger            |    24 |    18 |    71 |       |       ||   113
       Kick              |       |     9 |    10 |    26 |     1 ||    46
       Whip              |       |       |    22 |    83 |     1 ||   106
 Cast: Flame Tongue      |    51 |    99 |   215 |   175 |    19 ||   559
       Throw Flame       |    14 |    32 |    71 |   100 |       ||   217
       Conjure Flame     |       |     1 |     7 |    10 |       ||    18
       Sticky Flame      |       |       |    17 |    38 |    10 ||    65
       Fireball          |       |       |     7 |    96 |     7 ||   110
       Call Canine Famil |       |       |       |     8 |       ||     8
       Summon Lightning  |       |       |       |    59 |     9 ||    68
Invok: Curse Item        |       |       |       |     2 |       ||     2
Evoke: Wand              |       |       |     7 |       |       ||     7
  Use: Scroll            |       |     5 |    10 |     7 |       ||    22
       Potion            |       |     2 |     1 |       |       ||     3
  Eat: Chunk             |     2 |    10 |     8 |    37 |     4 ||    61
       Ration            |     1 |     1 |     5 |    10 |     1 ||    18
Armor: Robe              |     8 |    17 |    48 |    52 |    10 ||   135
Dodge: Dodged            |    27 |    43 |    99 |   123 |     9 ||   301

Table legend:
 A = Spawn XP
 B = Non-spawn XP
 C = Spawn XP percentage of total XP
 D = Spawn monster count
 E = Non-spawn monster count
 F = Spawn count percentage of total count
 G = Total turns spent on level
                    A         B        C        D         E        F      G
               +---------+---------+-------+---------+---------+-------+---------
         Total |       0 |   41116 |   0.0 |       0 |     406 |   0.0 | 28776
               +---------+---------+-------+---------+---------+-------+---------
           D:1 |       0 |      41 |   0.0 |       0 |      19 |   0.0 |  1491
           D:2 |       0 |     105 |   0.0 |       0 |      28 |   0.0 |  1713
           D:3 |       0 |      75 |   0.0 |       0 |      16 |   0.0 |  1275
           D:4 |       0 |     502 |   0.0 |       0 |      18 |   0.0 |  1751
           D:5 |       0 |     869 |   0.0 |       0 |      27 |   0.0 |  2242
           D:6 |       0 |    2809 |   0.0 |       0 |      43 |   0.0 |  2722
           D:7 |       0 |    1339 |   0.0 |       0 |      36 |   0.0 |  1411
           D:8 |       0 |    2028 |   0.0 |       0 |      13 |   0.0 |  1369
           D:9 |       0 |    2267 |   0.0 |       0 |      15 |   0.0 |  1104
          D:10 |       0 |    3104 |   0.0 |       0 |      15 |   0.0 |  2628
          D:11 |       0 |    8055 |   0.0 |       0 |      36 |   0.0 |  1729
        Lair:1 |       0 |    2423 |   0.0 |       0 |      12 |   0.0 |  1299
        Lair:2 |       0 |    4936 |   0.0 |       0 |      23 |   0.0 |  2000
        Lair:3 |       0 |    3674 |   0.0 |       0 |      31 |   0.0 |  1638
        Lair:4 |       0 |    2099 |   0.0 |       0 |      13 |   0.0 |  1268
        Lair:5 |       0 |    4767 |   0.0 |       0 |      28 |   0.0 |  2257
        Lair:6 |       0 |    1780 |   0.0 |       0 |       6 |   0.0 |    41
       Ossuary |       0 |     243 |   0.0 |       0 |      27 |   0.0 |   770
               +---------+---------+-------+---------+---------+-------+---------
